 Dungeon Crawl Stone Soup version 0.27-a0-170-g607d9e9d85 (webtiles) character file.

Game seed: 14140952887742076893

74 shakesphere1979 the Grave Robber (level 4, 0/36 HPs)
             Began as a Deep Dwarf Necromancer on Jan 28, 2021.
             Slain by a worm (7 damage)
             ... on level 2 of the Dungeon.
             The game lasted 00:07:52 (1802 turns).

shakesphere1979 the Grave Robber (DDNe)             Turns: 1802, Time: 00:07:52

Health: 0/36       AC:  2    Str: 12    XL:     4   Next: 10%
Magic:  1/7        EV: 13    Int: 16    God:
Gold:   73         SH:  0    Dex: 13    Spells: 2/7 levels left

rFire    . . .     SeeInvis .   c - +0 dagger
rCold    . . .     Faith    .   (no shield)
rNeg     . . .     Spirit   .   a - +0 robe
rPois    .         Reflect  .   (no helmet)
rElec    .         Harm     .   (no cloak)
rCorr    .         Rampage  .   (no gloves)
Will     .....                  (no boots)
Stlth    ++........             (no amulet)
HPRegen  0.00/turn              (no ring)
MPRegen  0.10/turn              (no ring)

@: lethally poisoned (0 -> 0), non-regenerating
A: damage resistance, heal wounds, sense surroundings 1, no regeneration
a: Heal Wounds


You were on level 2 of the Dungeon.
You visited 1 branch of the dungeon, and saw 2 of its levels.

You collected 73 gold pieces.

Inventory:

Hand Weapons
 c - a +0 dagger (weapon)
Missiles
 e - 19 bolts
 f - 19 arrows
 h - 36 stones
 k - 21 sling bullets
Armour
 a - a +0 robe (worn)
Jewellery
 r - an uncursed ring of see invisible {unknown}
Scrolls
 b - 3 scrolls of teleportation {unknown}
 d - 2 scrolls of enchant weapon {unknown}
 g - 4 scrolls of remove curse {unknown}
 i - 3 scrolls of identify {unknown}
 o - a scroll of enchant armour {unknown}
Potions
 j - 3 potions of heal wounds {unknown}
 l - 2 potions of haste {unknown}
 m - 2 potions of might {unknown}
 n - a potion of mutation {unknown}
 p - a potion of curing {unknown}
 q - a potion of magic {unknown}


   Skills:
 + Level 3.1 Dodging
 + Level 3.5 Stealth
 + Level 2.3 Spellcasting
 + Level 4.9 Necromancy


You had 2 spell levels left.
You knew the following spells:

 Your Spells              Type           Power        Failure   Level
a - Pain                  Necr           68%          2%          1
b - Animate Skeleton      Necr           34%          2%          1
c - Vampiric Draining     Necr           8%           8%          3

Your spell library contained the following spells:

 Spells                   Type           Power        Failure   Level
 Animate Dead             Necr           8%           26%         4
 Agony                    Necr           17%          58%         5


Dungeon Overview and Level Annotations

Branches:
Dungeon (2/15)

Altars:

Annotations:
D:2 Robin


Innate Abilities, Weirdness & Mutations

You are resistant to damage.
You can heal yourself by infusing magical energy.
You passively map a small area around you.
You do not regenerate.


Message History

You barely miss the adder.
The adder is almost dead.
The adder bites you but does no damage.
You barely miss the adder.
The adder is almost dead.
The adder closely misses you. The worm barely misses you.
You closely miss the adder.
The adder is almost dead.
The adder closely misses you. The adder bites you but does no damage.
The worm bites you!
* * * LOW HITPOINT WARNING * * *
You hit the adder but do no damage.
The adder is almost dead.
The adder bites you but does no damage.
You closely miss the adder.
The adder is almost dead.
The adder closely misses you. The worm barely misses you.
The adder barely misses you. The adder barely misses you. The worm bites you!
You die...

* #.# #.# #.#
#.# #.#
#.###### ,,..#
#......######
**
#[.###......##
#............#
#..####..#...#
#.##..##†## #
#.#†.w@#..# *
#.#..#S...#
#.##.##.(## ,
#. #..#### *,
... ,, * **
#### , , * **
* * *


You could see a worm and an adder.

Vanquished Creatures
  A gnoll (D:1)
  2 adders (D:2)
  A dart slug (D:1)
  3 leopard geckos (D:1)
  4 bats (D:1)
  11 goblins
  7 hobgoblins
  3 frilled lizards (D:1)
  3 kobolds (D:1)
  7 rats
42 creatures vanquished.

Notes
Turn   | Place    | Note
-------+----------+-------------------------------------------
     0 | D:1      | shakesphere1979 the Deep Dwarf Necromancer began the quest
                  | for the Orb.
     0 | D:1      | Reached XP level 1. HP: 15/15 MP: 3/3
   207 | D:1      | Reached XP level 2. HP: 17/22 MP: 1/4
   748 | D:1      | Reached XP level 3. HP: 22/28 MP: 1/6
   965 | D:1      | Learned a level 1 spell: Animate Skeleton
  1047 | D:1      | Learned a level 3 spell: Vampiric Draining
  1504 | D:2      | Noticed Robin
  1711 | D:2      | Reached XP level 4. HP: 8/36 MP: 1/7
  1802 | D:2      | Slain by a worm

Illustrated notes

Levels and vault maps discovered:
D:1:      lightli_iron_boxes, layout_basic, minmay_hexomino_u4
D:2:      layout_loops_ring, minmay_close_crescents, uniq_robin

Skill      XL: |  1  2  3 |
---------------+----------+-----
Spellcasting   | 2 |  2.3
Stealth        | 3 |  3.5
Dodging        | 3 |  3.1
Necromancy     | |  4.9

Action                   |  1- 3 |  4- 6 || total
-------------------------+-------+-------++-------
Melee: Dagger            |    60 |    12 ||    72
 Cast: Pain              |    51 |     5 ||    56
       Animate Skeleton  |     4 |       ||     4
       Vampiric Draining |     1 |     1 ||     2
 Abil: Heal Wounds       |       |     1 ||     1
 Stab: Sleeping          |     5 |       ||     5
Armor: Robe              |    20 |     5 ||    25
Dodge: Dodged            |    84 |    20 ||   104

Table legend: (Time is in decaauts)
 A = Elapsed time spent in this place.
 B = Non-inter-level travel time spent in this place.
 C = Inter-level travel time spent in this place.
 D = Time resting spent in this place.
 E = Time spent auto-exploring this place.
 F = Levels seen in this place.
 G = Mean time per level.
                   A        B        C        D        E       F      G
               +--------+--------+--------+--------+--------+-----+--------+
         Total |   1802 |   1802 |      0 |    276 |    933 |   2 |  901.0 |
       Dungeon |   1802 |   1802 |      0 |    276 |    933 |   2 |  901.0 |
               +--------+--------+--------+--------+--------+-----+--------+

Top non-repeatable levels by time:
     D:1: 1378 daAuts
     D:2: 424 daAuts
